 Dungeon Sprint DCSS version 0.17-a0-1337-ge651487 (webtiles) character file.

72 Kidiri the Sneak (level 4, -1/31 HPs)
             Began as a Spriggan Enchanter on June 10, 2015.
             Slain by a water elemental (19 damage)
             ... in the Dungeon (Sprint III: "The Ten Rune Challenge").
             The game lasted 00:04:05 (543 turns).

Kidiri the Sneak (Spriggan Enchanter)                Turns: 543, Time: 00:04:05

Health: -1/31      AC:  3    Str:  9    XL:     4   Next: 7%
Magic:  12/12      EV: 22    Int: 16    God:
Gold:   23         SH:  0    Dex: 17    Spells: 5 memorised, 2 levels left

rFire  . . .     SeeInvis +     a - +1 dagger
rCold  + . .     Clarity  .     b - +1 robe
rNeg   . . .     SustAt   .     (shield restricted)
rPois  .         Gourm    .     (helmet restricted)
rElec  .         Spirit   .     (no cloak)
rCorr  .         Warding  .     (gloves unavailable)
rMut   .         NoTele   +     (boots unavailable)
MR     .....                    (no amulet)
Stlth  ..........               (no ring)
                                (no ring)

@: berserking (expiring), very quick, not resistant to hostile enchantments,
extremely unstealthy
A: unfitting armour, repulsion field 1, see invisible, breathe flames 1, cold
resistance 1, herbivore 3, speed 3, slow metabolism 2
a: Breathe Fire


You were in the Dungeon.
You were not hungry.

You visited 1 branch You collected 23 gold pieces.

Inventory:

Hand weapons
 a - a +1 dagger (weapon)
 l - a +4 club
Armour
 b - a +1 robe (worn)
Scrolls
 j - 2 scrolls of blinking
 n - 3 scrolls of torment {unknown}
 o - 3 scrolls of identify
 s - 2 scrolls of remove curse
Potions
 e - a potion of curing
 f - 2 potions of heal wounds
 g - a potion of haste
 h - 2 potions of magic
 k - a potion of ambrosia {unknown}
 q - 2 potions of cure mutation
 r - 3 potions of flight
Books
 c - a book of Maledictions

   Spells                             Type                      Level
   a - Corona                         Hexes                        1
   b - Ensorcelled Hibernation        Hexes/Ice                    2
   c - Confuse                        Hexes                        3
   d - Tukima's Dance                 Hexes                        3
   e - Dazzling Spray                 Conjuration/Hexes            3
Comestibles
 d - a bread ration
 p - 5 fruits


   Skills:
 + Level 3.0 Short Blades
 + Level 5.0 Dodging
 * Level 7.9 Stealth
 * Level 5.6 Spellcasting
 + Level 0.3 Conjurations
 + Level 5.0 Hexes
 + Level 1.1 Ice Magic


You had 2 spell levels left.
You knew the following spells:

 Your Spells              Type           Power        Failure   Level  Hunger
a - Corona                Hex            ###....      1%          1    None
b - Ensorcelled Hibernat  Hex/Ice        ##....       10%         2    #......
c - Confuse               Hex            ###.....     8%          3    ##.....
d - Tukima's Dance        Hex            ###.....     8%          3    ##.....
e - Dazzling Spray        Conj/Hex       ##......     14%         3    ##.....


Dungeon Overview and Level Annotations

Branches:
Dungeon (1/1)

Altars:


Innate Abilities, Weirdness & Mutations

You are tiny and cannot use many weapons and most armour.
You have supernaturally acute eyesight.
You are a herbivore.
You cover ground extremely quickly.
You need consume almost no food.
You are surrounded by a mild repulsion field (EV +2).
You can breathe flames.
Your flesh is cold resistant.


Message History

There is an open door to the Ecumenical Temple here.
Drink which item? (? for menu, Esc to quit)
A red film seems to cover your vision as you go berserk!
You feel yourself moving faster!
You feel mighty! The water elemental hits you!
You feel a strong urge to attack something.
You hit the water elemental.
The water elemental is lightly damaged.
The water elemental barely misses you.
You hit the water elemental.
The water elemental is moderately damaged.
You puncture the water elemental!
The water elemental is severely damaged.
The water elemental closely misses you.
You barely miss the water elemental.
The water elemental is severely damaged.
You puncture the water elemental!
The water elemental is almost destroyed.
The water elemental hits you!!
Ouch! That really hurt!
You die...

▓▓▓▓▓▓▓▓▓▓▓▓ ▓▓▓
<.#..+.....♣♣ ♣.#
..#..#......♣ ♣.#
#'####......♣ ♣.#
.....#....≈.♣♣♣♣.###+#+##
..%..#...≈≈...♣..#.......
.....#..≈≈≈≈♣♣♣♣@E.⌠.....
####'#..≈≈≈≈≈≈.♣.#...####
[....#.≈≈≈≈≈≈....#.⌠.#
...[.#.≈≈≈≈≈.....#...#
.....#.≈≈≈.......#+###
'#####......%....#
.................#
▓▓▓▓▓▓▓▓▓▓▓▓▓▓▓▓▓▓


You could see a water elemental.

Vanquished Creatures
  A wolf (D)
  Jessica (D)
  A human (D)
  3 rats (D)
6 creatures vanquished.

Vanquished Creatures (others)
  2 draconian scorchers (D)
  2 yaktaurs (D)
4 creatures vanquished.

Grand Total: 10 creatures vanquished

Notes
Turn   | Place    | Note
--------------------------------------------------------------
     0 | D        | Kidiri the Spriggan Enchanter began the quest for the Orb.
     0 | D        | Reached XP level 1. HP: 9/9 MP: 5/5
    77 | D        | Noticed Jessica
    80 | D        | Killed Jessica
    80 | D        | Reached skill level 6 in Stealth
    80 | D        | Reached XP level 2. HP: 13/13 MP: 5/8
    87 | D        | Learned a level 2 spell: Ensorcelled Hibernation
   123 | D        | Noticed a wolf
   146 | D        | Killed a wolf
   146 | D        | Reached skill level 7 in Stealth
   146 | D        | Reached skill level 5 in Spellcasting
   146 | D        | Reached XP level 3. HP: 2/16 MP: 1/10
   151 | D        | Learned a level 3 spell: Confuse
   151 | D        | Killed a white draconian scorcher
   155 | D        | Learned a level 3 spell: Tukima's Dance
   156 | D        | Killed a yaktaur
   159 | D        | Learned a level 3 spell: Dazzling Spray
   231 | D        | Killed a white draconian scorcher
   262 | D        | Killed a yaktaur
   442 | D        | Reached skill level 5 in Dodging
   442 | D        | Reached skill level 5 in Hexes
   442 | D        | Reached skill level 1 in Ice Magic
   442 | D        | Reached XP level 4. HP: 21/21 MP: 6/12
   472 | D        | Gained mutation: You are weak. (Str -2) [potion of mutation]
   472 | D        | Lost strength.
   472 | D        | Gained mutation: You are very weak. (Str -4) [potion of mutation]
   472 | D        | Gained mutation: Your flesh is heat resistant. [potion of mutation]
   476 | D        | Lost mutation: Your flesh is heat resistant. [potion of cure mutation]
   476 | D        | Lost mutation: You are very weak. (Str -4) [potion of cure mutation]
   476 | D        | Lost mutation: You are weak. (Str -2) [potion of cure mutation]
   492 | D        | Gained mutation: You can breathe flames. [potion of mutation]
   492 | D        | Gained mutation: You are surrounded by a mild repulsion field (EV +2). [potion of mutation]
   492 | D        | Gained mutation: Your flesh is cold resistant. [potion of mutation]
   534 | D        | Noticed a water elemental
   543 | D        | Slain by a water elemental

Vault maps used:
D:        dungeon_sprint_mu

Action                   |  1- 3 |  4- 6 || total
-------------------------+-------+-------++-------
Melee: Dagger            |     8 |     5 ||    13
 Cast: Ensorcelled Hiber |     6 |       ||     6
  Use: Potion            |       |     4 ||     4
 Stab: Sleeping          |     4 |       ||     4
